Unix NetHack Version 3.7.0-95 Work-in-progress - last build Jan 1 2024 20:51:50 (6a0ccc5fa2390e420dd2d488a2f9488d2ae3a63b,branch:master). Game began 2024-01-05 17:32:25, ended 2024-01-06 08:56:47. elenmirie, lawful female human Knight ---------------- -..............| |..............| -...........<..| ----------.----- ## # ####### # ### ## ####### ---------.---- |.....%r....>| |.....u......| |............| -------------- Elenmirie the Esquire St:15 Dx:4 Co:14 In:7 Wi:15 Ch:17 Lawful Dlvl:7 $:293 HP:0(39) Pw:36(36) AC:3 Xp:5/200 T:2650 Burdened Latest messages: The gold golem misses Arod. The gold golem misses Arod. The gold golem hits! The gold golem misses! You miss the gold golem. Arod hits the gold golem. Arod misses the gold golem. The gold golem misses Arod. The gold golem misses Arod. The gold golem misses! The gold golem hits! Arod hits the gold golem. Arod misses the gold golem. You miss the gold golem. Arod hits the gold golem. Arod misses the gold golem. The gold golem misses Arod. The gold golem hits Arod. The gold golem misses! The gold golem hits! You hit the gold golem! The gold golem hits! The gold golem hits again! You hit the gold golem! You destroy the gold golem! You swap places with Arod. You have a little trouble lifting $ - 114 gold pieces (293 in total). Your movements are slowed slightly because of your load. You kill the newt! The rabid rat misses! You hear convulsive ravings. Arod misses it. Arod bites it. It bites Arod. You see here 2 food rations. You miss the rabid rat. The rabid rat misses! The rabid rat just misses! The rabid rat misses! The rabid rat misses! The rabid rat misses! The rabid rat bites! The rabid rat bites! The rabid rat bites! You die... Do you want your possessions identified? [ynq] (y) y Do you want to see your attributes? [ynq] (y) y Do you want an account of creatures vanquished? [ynaq] (y) y Do you want to see your conduct and achievements? [ynq] (y) y Do you want to see the dungeon overview? [ynq] (y) y Inventory: Coins $ - 293 gold pieces Weapons a - an uncursed +1 long sword (weapon in right hand) b - an uncursed +1 lance (alternate weapon; not wielded) Armor d - an uncursed +0 helmet (being worn) f - an uncursed +0 pair of leather gloves (being worn) e - an uncursed +0 small shield (being worn) c - an uncursed +1 ring mail (being worn) Comestibles g - 11 uncursed apples h - 12 uncursed carrots l - an uncursed food ration w - 2 uncursed lembas wafers r - an uncursed tripe ration Scrolls m - a blessed scroll of enchant armor o - an uncursed scroll of enchant weapon Potions t - a blessed potion of blindness p - an uncursed potion of gain level j - 2 blessed potions of healing u - an uncursed potion of levitation v - an uncursed potion of water Rings q - an uncursed ring of cold resistance s - an uncursed ring of polymorph control Wands k - an uncursed wand of digging (0:7) Tools i - a cursed towel n - a cursed towel Elenmirie the Knight's attributes: Background: You were an Esquire, a level 5 female human Knight. You were lawful, nominally on a mission for Lugh who was opposed by Brigit (neutral) and Manannan Mac Lir (chaotic). You were right-handed. You were in the Dungeons of Doom, on level 7. You entered the dungeon 2650 turns ago. You had 200 experience points, 120 more were needed to attain level 6. Basics: You had 0 out of 39 hit points. You had all 36 energy points (spell power). Your armor class was 3. Your wallet contained 293 zorkmids. Autopickup was on for '$' plus thrown. Final Characteristics: Your strength was 15 (limit:18/100). Your dexterity was 4 (peak:9, limit:18). Your constitution was 14 (limit:18). Your intelligence was 7 (limit:18). Your wisdom was 15 (limit:18). Your charisma was 17 (limit:18). Final Status: You weren't hungry. You were burdened; movement was slightly slowed. You were wielding a long sword. You were skilled in long sword. Final Attributes: You were piously aligned. You were invisible. You could jump. You were warded. You are dead. Miscellaneous: You never encountered a bones level. Total elapsed playing time was 1 hour and 3 seconds. Major events: Turn 1: elenmirie the lawful female human Knight entered the dungeon 1638: attained the rank of Esquire (level 3) 2650: killed by a rabid rat Vanquished creatures: a gnome ruler a gold golem 2 bugbears a rock piercer a rock mole an elf zombie a rothe a giant bat a monkey a coyote a hobbit 3 hobgoblins 2 giant rats a gnome a gnome zombie 7 jackals a fox a kobold a goblin 2 sewer rats 5 grid bugs 4 lichens 4 kobold zombies 5 newts 49 creatures vanquished. No species were genocided or became extinct. Voluntary challenges: You were an atheist. You were illiterate. You never engraved Elbereth. You never genocided any monsters. You never polymorphed an object. You never changed form. You used no wishes. Achievements: You entered a shop. You attained the rank of Esquire. The Dungeons of Doom: levels 1 to 7 Level 1: A fountain. Level 2: A fountain. Level 3: Level 4: Level 5: Level 6: Level 7: <- You were here. Final resting place for you, killed by a rabid rat. Game over: ---------- / \ / REST \ / IN \ / PEACE \ / \ | elenmirie | | 293 Au | | killed by a | | rabid rat | | | | | | 2024 | *| * * * | * _________)/\\_//(\/(/\)/\//\/|_)_______ Fare thee well elenmirie the Knight... You died in The Dungeons of Doom on dungeon level 7 with 1384 points, and 293 pieces of gold, after 2650 moves. You were level 5 with a maximum of 39 hit points when you died.